 Dungeon Crawl Stone Soup version 0.30.0-13-g156ef70053 (webtiles) character file.

Game seed: 17672192660652319177

24 Darkkill the Shooter (level 2, -3/26 HPs)
             Began as a Minotaur Hunter on May 17, 2023.
             Slain by Terence
             ... wielding a +1 mace of protection
              (10 damage)
             ... on level 2 of the Dungeon.
             The game lasted 00:00:50 (680 turns).

Darkkill the Shooter (Minotaur Hunter)               Turns: 680, Time: 00:00:51

Health: -3/26      AC:  3    Str: 15    XL:     2   Next: 79%
Magic:  1/1        EV: 12    Int:  6    God:
Gold:   48         SH:  0    Dex: 13    Spells: 1/1 levels left

rFire   . . .        a - +1 shortbow
rCold   . . .        (shield currently unavailable)
rNeg    . . .        c - +0 leather armour
rPois   .            (helmet restricted)
rElec   .            (no cloak)
rCorr   .            (no gloves)
SInv    .            (no boots)
Will    .....        (no amulet)
Stlth   +            (no ring)
HPRegen 0.24/turn    (no ring)
MPRegen 0.07/turn

%: no passive effects
@: no status effects
A: horns 2, retaliatory headbutt
a: no special abilities


You were on level 2 of the Dungeon.
You visited 1 branch of the dungeon, and saw 2 of its levels.

You collected 48 gold pieces.

Inventory:

Hand Weapons
 a - a +1 shortbow (weapon)
Missiles
 d - 5 poisoned darts
 f - 13 stones
 h - 5 curare-tipped darts {=f !f}
Armour
 c - a +0 leather armour (worn)
Scrolls
 b - a scroll of immolation


   Skills:
 + Level 3.0 Fighting
 + Level 4.6 Ranged Weapons
 + Level 2.6 Dodging
 + Level 1.3 Stealth


You had one spell level left.
You didn't know any spells.
Your spell library contained the following spells:

 Spells                   Type           Power      Damage    Failure   Level
 Magic Dart               Conj           0%         1d3       52%         1
 Searing Ray              Conj           0%         2d4       67%         2
 Fulminant Prism          Conj/Hex       0%         3d5       99%         4


Dungeon Overview and Level Annotations

Branches:
Dungeon (2/15)

Altars:

Shops:
D:1 [

Annotations:
D:2 Terence


Innate Abilities, Weirdness & Mutations

You have a pair of horns on your head.
You reflexively headbutt those who attack you in melee.


Message History

[Y]es or [N]o only, please.
Really target yourself? [Y]es or [N]o only, please.
Really target yourself?
Okay, then.
You are too injured to fight recklessly!
A hobgoblin is nearby!
A hobgoblin is nearby!
You shoot an arrow. The arrow barely misses the hobgoblin.
You shoot an arrow. The arrow closely misses the hobgoblin.
A hobgoblin is nearby!
You shoot an arrow. The arrow closely misses the hobgoblin.
A hobgoblin is nearby!
You shoot an arrow. The arrow hits the hobgoblin.
The hobgoblin is severely wounded.
A hobgoblin is nearby!
You shoot an arrow. The arrow hits the hobgoblin!
You kill the hobgoblin!
h - 5 curare-tipped darts {=f !f} No target in view!
f - 8 stones (gained 2)
Things that are here:
a +0 club; a +0 leather armour You see here a +0 short sword.
f - 10 stones (gained 2)
You now have 24 gold pieces (gained 11).
f - 13 stones (gained 3)
i - a scroll labelled VEPLAT JETE No target in view!
Found a stone staircase leading down.
You now have 34 gold pieces (gained 10).
No target in view!
A goblin comes into view. It is wielding a +0 dagger.
You shoot an arrow. The arrow hits the goblin.
You kill the goblin!
A hobgoblin comes into view.
A hobgoblin is nearby!
You shoot an arrow. The arrow barely misses the hobgoblin.
A hobgoblin is nearby!
You shoot an arrow. The arrow hits the hobgoblin.
The hobgoblin is severely wounded.
A hobgoblin is nearby!
You shoot an arrow. The arrow hits the hobgoblin!
You kill the hobgoblin!
You see here a +0 dagger.
There is a stone staircase leading up here.
Found a stone staircase leading up.
No target in view!
Found a trident.
No target in view!
No target in view!
An endoplasm comes into view.
You shoot an arrow.
The arrow hits the endoplasm but does no damage.
The endoplasm quivers.
An endoplasm is nearby!
You shoot an arrow. The arrow hits the endoplasm!
You kill the endoplasm!
Your Fighting skill increases to level 3!
You now have 48 gold pieces (gained 14).
An endoplasm comes into view.
The endoplasm quivers.
You shoot an arrow. The arrow hits the endoplasm!
You kill the endoplasm!
Terence the Incautious comes into view.
He is wielding a +1 mace of protection.
You shoot an arrow.
The arrow hits Terence but does no damage.
You shoot an arrow. The arrow hits Terence.
Terence is moderately wounded.
Terence drinks a potion.
Terence flickers and vanishes!
Deactivating autopickup; reactivate with Ctrl-A.
No target in view!
No target in view!
No target in view!
No target in view!
As you read the scroll labelled JOTUUMP ISAR, it crumbles to dust.
It is a scroll of identify.
i - a scroll of teleportation
As you read the scroll labelled NUMOIR HATYNG, it crumbles to dust.
It is a scroll of enchant weapon.
Your +0 shortbow glows red for a moment.
As you read the scroll of teleportation, it crumbles to dust.
You feel strangely unstable.
Your surroundings seem slightly different.
A giant cockroach comes into view.
A hobgoblin comes into view. It is wielding a +0 war axe.
The giant cockroach waves its antennae.
You shoot an arrow. The hobgoblin shouts!
The arrow hits the giant cockroach!
You kill the giant cockroach!
You see here a giant cockroach corpse.
The hobgoblin hits you with a +0 war axe!
Something hits you!
You see here a giant cockroach corpse.
You shoot an arrow. The arrow closely misses the hobgoblin.
The hobgoblin hits you with a +0 war axe.
* * * LOW HITPOINT WARNING * * *
Something hits you!
You die...

.. ≈≈~### #.. ≈≈≈≈≈ ...
≈≈≈≈ .~### ≈≈≈ ~ ..#...
≈~# .# ..#.⌠. ..# ⌠.#
#.#...#..#...#
###..###....###. #
#......g@....... #..
#)#.#..#.#.####### #...
##.#.#..#.#.#### #...
#..............######
#...##.##.##......#......#
..........##...#..#......#
..........##...#.........#
..........##...##.#......#
#<..#..#####...##.#......#


You could see a hobgoblin.

Vanquished Creatures
  A dart slug (D:2)
  2 endoplasms (D:2)
  A giant cockroach (D:2)
  5 goblins
  4 hobgoblins
  A ball python (D:2)
  A bat (D:2)
  2 frilled lizards
  3 kobolds
20 creatures vanquished.

Notes
Turn   | Place    | Note
-------+----------+-------------------------------------------
     0 | D:1      | Darkkill the Minotaur Hunter began the quest for the Orb.
     0 | D:1      | Reached XP level 1. HP: 18/18 MP: 0/0
   236 | D:1      | Reached skill level 1 in Stealth
   309 | D:1      | Found Heinwesch's Armour Shop.
   358 | D:1      | You fall into a shaft and drop 1 floor!
   414 | D:2      | Reached XP level 2. HP: 25/25 MP: 1/1
   665 | D:2      | Noticed Terence
   680 | D:2      | Slain by Terence

Illustrated notes

Levels and vault maps discovered:
D:1:      dpeg_arrival_water_fire, layout_basic, serial_shops, shop,
          serial_glass, glass_columns_c, glass_columns_b
D:2:      layout_loops_cross, shapermc_ecumenical_altar_hornbeckon,
          chequers_serial_rivers_micro_e, fountainhead, uniq_terence

Skill      XL: |  1  2 |
---------------+-------+-----
Stealth        | 1 |  1.3
Fighting       | 3 |  3.0
Ranged Weapons | |  4.6
Dodging        | |  2.6

Action                     || total
---------------------------++-------
   Fire: Shortbow          ||    61
    Use: Scroll            ||     3
 Armour: Leather armour    ||     3
  Dodge: Dodged            ||    14

Levels and vault maps discovered:
D:1:      dpeg_arrival_water_fire, layout_basic, serial_shops, shop,
          serial_glass, glass_columns_c, glass_columns_b
D:2:      layout_loops_cross, shapermc_ecumenical_altar_hornbeckon,
          chequers_serial_rivers_micro_e, fountainhead, uniq_terence

Table legend: (Time is in decaauts)
 A = Elapsed time spent in this place.
 B = Non-inter-level travel time spent in this place.
 C = Inter-level travel time spent in this place.
 D = Time resting spent in this place.
 E = Time spent auto-exploring this place.
 F = Levels seen in this place.
 G = Mean time per level.
                   A        B        C        D        E       F      G
               +--------+--------+--------+--------+--------+-----+--------+
         Total |    699 |    699 |      0 |      0 |    572 |   2 |  349.5 |
       Dungeon |    699 |    699 |      0 |      0 |    572 |   2 |  349.5 |
               +--------+--------+--------+--------+--------+-----+--------+

Top non-repeatable levels by time:
     D:1: 367 daAuts
     D:2: 332 daAuts

Table legend:
 A = Kills in this place as a percentage of kills in the entire game.
 B = Kills by you in this place as a percentage of kills by you in the entire game.
 C = Kills by friends in this place as a percentage of kills by friends in the entire game.
 D = Other kills in this place as a percentage of other kills in the entire game.
 E = Experience gained in this place as a percentage of experience gained in the entire game.
 F = Experience gained in this place divided by the number of levels of this place that you have seen.
                   A       B       C       D       E      F
               +-------+-------+-------+-------+-------+----------------------
         Total | 100.0 | 100.0 |   N/A |   N/A | 100.0 |  17.5
       Dungeon | 100.0 | 100.0 |   N/A |   N/A | 100.0 |  17.5
               +-------+-------+-------+-------+-------+----------------------
